 Dungeon Crawl Stone Soup version 0.26-a0-651-gb41185065b (webtiles) character file.

Game seed: 11019912460961606180

108633 gbos the Severer (level 16, -1/166 HPs)
             Began as a Deep Dwarf Fighter on Oct 15, 2020.
             Was the Champion of Makhleb.
             Slain by an azure jelly (35 damage)
             ... on level 6 of the Lair of Beasts.
             The game lasted 01:11:49 (23416 turns).

gbos the Severer (Deep Dwarf Fighter)              Turns: 23416, Time: 01:11:50

Health: -1/166     AC: 24    Str: 27    XL:     16   Next: 3%
Magic:  0/0        EV:  7    Int:  6    God:    Makhleb [******]
Gold:   989        SH:  0    Dex: 10    Spells: 15/15 levels left

rFire    + + +     SeeInvis .   a - +4 battleaxe "String" {freeze, rElec rN++ Int+2}
rCold    . . .     Faith    .   (shield currently unavailable)
rNeg     + + +     Spirit   .   u - +5 plate armour "Fuzen" {rElec rF+++ Int-5 Dex-2}
rPois    .         Reflect  .   (no helmet)
rElec    +         Harm     .   Y - scarf {repulsion}
rCorr    +         Rampage  .   o - +1 pair of gloves
MR       ++...                  x - +1 pair of boots
Stlth    ..........             (no amulet)
HPRegen  0.00/turn              K - ring of positive energy
MPRegen  0.07/turn              n - ring of resist corrosion

@: non-regenerating, repel missiles
A: damage resistance, heal wounds, negative energy resistance 1, sense
surroundings 2, no regeneration
a: Heal Wounds, Minor Destruction, Lesser Servant of Makhleb, Major Destruction,
Greater Servant of Makhleb, Renounce Religion


You were on level 6 of the Lair of Beasts.
You worshipped Makhleb.
Makhleb was exalted by your worship.
You visited 7 branches of the dungeon, and saw 27 of its levels.
You visited the Abyss 1 time.

You collected 2759 gold pieces.
You spent 1770 gold pieces at shops.


Innate Abilities, Weirdness & Mutations

You are resistant to damage.
You can heal yourself by infusing magical energy.
You resist negative energy. (rN+)
You passively map the area around you.
You do not regenerate.


   Skills:
 + Level 16.7 Fighting
 + Level 17.2 Axes
 - Level 10.0 Armour
   Level 3.2 Shields
 - Level 14.0 Invocations
 - Level 8.0 Evocations


You had 15 spell levels left.
You didn't know any spells.
Your spell library contained the following spells:

 Spells                   Type           Power        Failure   Level
 Corona                   Hex            #......      99%         1
 Magic Dart               Conj           #...         99%         1
 Ensorcelled Hibernation  Hex/Ice        #.....       100%        2
 Searing Ray              Conj           #.....       100%        2
 Confusing Touch          Hex            #.......     100%        3
 Dazzling Flash           Conj/Hex       #.....       100%        3
 Tukima's Dance           Hex            #.......     100%        3
 Fulminant Prism          Conj/Hex       #.........   100%        4
 Iskenderun's Mystic Bla  Conj/Tloc      #.......     100%        4
 Leda's Liquefaction      Hex/Erth       #.........   100%        4
 Bolt of Magma            Conj/Fire/Erth #.........   100%        5
 Iron Shot                Conj/Erth      #.........   100%        6
 Statue Form              Tmut/Erth      #........    100%        6
 Shatter                  Erth           #.........   100%        9

Inventory:

Hand Weapons
 a - the +4 battleaxe "String" (weapon) {freeze, rElec rN++ Int+2}

   It has been specially enchanted to freeze those struck by it, causing extra
   injury to most foes and up to half again as much damage against particularly
   susceptible opponents.
   It can also slow down cold-blooded creatures.
   It affects your intelligence (+2).
   It insulates you from electricity.
   It greatly protects you from negative energy.
 b - a +0 arbalest
 t - a +0 battleaxe of distortion
 D - a +3 scimitar of flaming
 V - a +1 broad axe of venom
Missiles
 C - 118 bolts
 H - 73 poisoned darts (quivered)
 Z - 3 throwing nets {=f}
Armour
 o - a +1 pair of gloves (worn)
 u - the +5 plate armour "Fuzen" (worn) {rElec rF+++ Int-5 Dex-2}

   It affects your intelligence (-5).
   It affects your dexterity (-2).
   It renders you almost immune to fire.
   It insulates you from electricity.
 x - a +1 pair of boots (worn)
 N - a +2 cloak
 Y - a scarf of repulsion (worn)
Jewellery
 n - a ring of resist corrosion (right hand)
 q - an uncursed ring of ice
 K - a ring of positive energy (left hand)
 L - a +6 ring of intelligence
Wands
 c - a wand of paralysis (19)
 I - a wand of polymorph (6)
 O - a wand of iceblast (25)
 P - a wand of enslavement (17)
 U - a wand of digging (8)
 W - a wand of acid (3)
 X - a wand of disintegration (26)
Scrolls
 g - a scroll of torment {!r}
 h - a scroll of fear
 j - 5 scrolls of enchant armour
 k - 3 scrolls of identify {@r1}
 l - 3 scrolls of magic mapping
 p - 12 scrolls of remove curse
 r - a scroll of enchant weapon
 w - 5 scrolls of teleportation {@r4}
 y - 4 scrolls of immolation {!r}
 F - a scroll of fog
Potions
 d - 4 potions of might
 e - 10 potions of curing {@q1}
 f - 2 potions of heal wounds {@q2}
 i - a potion of magic {unknown}
 m - a potion of berserk rage {unknown}
 s - 3 potions of brilliance {unknown}
 v - 4 potions of haste {@q3}
 z - 8 potions of ambrosia
 B - 3 potions of stabbing
 G - 2 potions of mutation {unknown}
 Q - 3 potions of cancellation {unknown}
 R - 3 potions of resistance {unknown}
 T - 4 potions of flight {unknown}

Dungeon Overview and Level Annotations

Branches:
Dungeon (15/15)            Temple (1/1) D:7            Lair (6/6) D:8
  Swamp (1/4) Lair:2        Snake (1/4) Lair:3        Slime (1/5) Lair:6
    Orc (2/2) D:9             Elf (0/3) Orc:2        Vaults (0/5) D:14
 Depths (0/5) D:15

Altars:
Cheibriados
Dithmenos
Elyvilon
Gozag
Hepliaklqana
Kikubaaqudgha
Makhleb
Ru
Sif Muna
Trog
Uskayaw
Vehumet
Wu Jian
Yredelemnul
Zin
Jiyva

Shops:
D:5 *   Orc:1 (   Orc:2 [[[**

Annotations:
D:3 3 runed translucent doors, Bloaty's ghost, amateur HOMo
D:9 exclusion: 4 oklob plants

..............▒...............▒▒.
...............▒.................
..............P..............▒..P
........▒PP..<.PPfP...........▒▒▒
........▒f..............▒....P▒..
..............▒▒▒▒▒....▒▒.....P..
...▒.........▒▒▒▒▒▒▒...▒.▒.......
.............▒▒J.J▒▒....▒........
.......▒.....▒▒Jg.▒▒....▒.f.▒▒...
.........▒▒..▒▒..G.'.....f.......
...........▒.▒▒▒▒▒▒▒.............
.........[...▒▒ ▒▒.....[.......
..............▒▒▒▒▒.....[........
.................................
...................f.............
......................P......P...
....................▒▒...........


You could see an azure jelly, 2 slime creatures and a shining eye.


Message History

The azure jelly is heavily wounded.
You slash the shining eye! You freeze the shining eye!
You slash the slime creature! You freeze the slime creature.
You slice the slime creature!! You freeze the slime creature!
The slime creature hits you but does no damage.
The slime creature barely misses you. The azure jelly hits you.
The azure jelly freezes you!!
* * * LOW HITPOINT WARNING * * *
The azure jelly completely misses you.
The azure jelly hits you but does no damage.
The azure jelly hits you.
* * * LOW HITPOINT WARNING * * *
You slash the slime creature! You freeze the slime creature.
The slime creature is almost dead.
You slice the azure jelly!! You slash the shining eye!
You freeze the shining eye. You hit the slime creature.
You freeze the slime creature. The slime creature hits you.
* * * LOW HITPOINT WARNING * * *
The azure jelly hits you.
* * * LOW HITPOINT WARNING * * *
The azure jelly freezes you!!!
You die...

Action                   |  1- 3 |  4- 6 |  7- 9 | 10-12 | 13-15 | 16-18 || total
-------------------------+-------+-------+-------+-------+-------+-------++-------
Melee: War axe           |    41 |    99 |   400 |   345 |       |       ||   885
       Broad axe         |       |       |       |   441 |  1114 |       ||  1555
       Scimitar          |       |       |       |       |     8 |       ||     8
       Battleaxe         |       |       |       |       |   284 |    12 ||   296
       Unarmed           |       |       |       |       |     1 |       ||     1
 Fire: Hunting sling     |    45 |    65 |    18 |    20 |    41 |       ||   189
       Arbalest          |       |       |       |       |    49 |     5 ||    54
Throw: Dart              |       |       |       |    22 |     3 |       ||    25
Invok: Greater Servant o |       |       |       |       |     7 |       ||     7
       Lesser Servant of |       |       |       |       |     7 |       ||     7
 Abil: Heal Wounds       |       |     5 |    14 |    28 |    36 |     3 ||    86
Evoke: Wand              |       |       |     6 |     6 |     9 |       ||    21
  Use: Potion            |       |     1 |     1 |     2 |     6 |     2 ||    12
       Scroll            |       |       |     1 |    12 |    21 |       ||    34
 Stab: Paralysed         |       |       |       |       |     5 |       ||     5
       Distracted        |       |       |       |       |     1 |       ||     1
       Confused          |       |       |       |       |     1 |       ||     1
Armor: Scale mail        |    22 |    38 |    35 |       |       |       ||    95
       Plate armour      |       |       |   178 |   482 |  1029 |    38 ||  1727
Dodge: Dodged            |    17 |    36 |    58 |   124 |   474 |    10 ||   719
       Repelled          |       |       |       |       |     3 |       ||     3
Block: Kite shield       |    29 |    65 |   178 |   235 |       |       ||   507
       Buckler           |       |       |       |    42 |   219 |       ||   261
       Rpst.: Scimitar   |       |       |       |       |     2 |       ||     2

Levels and vault maps discovered:
D:1:      kb_arrival_jail, layout_loops_ring
D:2:      minmay_evil_eye, layout_basic, minivault_14
D:3:      layout_basic, gammafunk_ghost_icy, lemuel_tele_altar, uniq_terence
D:4:      layout_basic, dk_noncrumbling_3
D:5:      layout_loops_ring, nicolae_gozag_zags_fifth_avenue
D:6:      layout_loops_ring, uniq_eustachio
D:7:      layout_gridville, minmay_temple_entry_hall
D:8:      layout_cave_pods, nicolae_overflow_hidden_temple,
          minmay_lair_entry_grove
D:9:      layout_irregular_city, david_orc_4, disabler_island, uniq_maurice,
          uniq_psyche
D:10:     layout_roguey, uniq_nergalle
D:11:     layout_basic
D:12:     hangedman_screamer, layout_loops_ring, portal_ice_cave_entry_imps,
          chequers_serial_rivers_small_3, kennysheep_potato
D:13:     layout_loops_cross, nicolae_ru_sacrificial_ziggurat
D:14:     layout_loops_ring, david_vaults_5, minmay_staircase_windowed_small,
          uniq_azrael, uniq_rupert
D:15:     grunt_enter_depths_giant_problem, layout_rooms, special_room
          [special_room_bee], uniq_kirke
Temple:   roderic_octagonal_lattice_temple
Lair:1:   layout_loops_ring, basic_altar, uniq_maggie
Lair:2:   layout_chaotic_city, swamp_mist_pool, chequers_serial_rivers_small_b
Lair:3:   layout_cave_pods, guppyfry_snake_entry_island, gauntlet_entry_generic,
          beast_lair_carwin_3
Lair:4:   layout_regular_city, st_stairs_11, minmay_lair_oklob_chamber,
          grunt_megastairs_3, lemuel_fruit_fields, uniq_urug
Lair:5:   layout_gridlike
Lair:6:   grunt_lair_end_beastmaster, layout_layer_cave,
          dpeg_slime_entry_enclosed_altar, hibernation_bobbens
Swamp:1:  cheibrodos_swamp_monstrosity, layout_basic_swamp,
          nicolae_swamp_godswood, swamp_pool4
Snake:1:  cheibrodos_snake_lava_hold, layout_layer_cave, grunt_ministairs_8
Slime:1:  layout_caves
Orc:1:    layout_caves, serial_shops, nicolae_shop_overgrown_old_shop,
          uniq_erica
Orc:2:    st_orc_ogre_mass, layout_caves, serial_shops, nicolae_shop_crystal,
          uniq_saint_roka

Notes
Turn   | Place    | Note
-------+----------+-------------------------------------------
     0 | D:1      | gbos the Deep Dwarf Fighter began the quest for the Orb.
     0 | D:1      | Reached XP level 1. HP: 20/20 MP: 1/1
     2 | D:1      | Noticed a formicid
     2 | D:1      | Noticed a vampire
     4 | D:1      | Noticed a demigod
     4 | D:1      | Noticed a draconian
     6 | D:1      | Noticed an octopode
     6 | D:1      | Noticed a gargoyle
     8 | D:1      | Noticed a dwarf
     8 | D:1      | Noticed a tengu
    10 | D:1      | Noticed a naga
    14 | D:1      | Noticed a human
    14 | D:1      | Noticed a troll
    16 | D:1      | Noticed a felid
    16 | D:1      | Noticed a merfolk
    18 | D:1      | Noticed a minotaur
    18 | D:1      | Noticed an ogre
    20 | D:1      | Noticed a centaur
    20 | D:1      | Noticed a spriggan
    22 | D:1      | Noticed a ghoul
    22 | D:1      | Noticed an elf
    24 | D:1      | Noticed a halfling
    24 | D:1      | Noticed a demonspawn
    26 | D:1      | Noticed a vine stalker
   437 | D:1      | Reached skill level 3 in Fighting
   437 | D:1      | Reached XP level 2. HP: 26/28 MP: 2/2
   682 | D:2      | Reached skill level 3 in Axes
   693 | D:1      | Reached XP level 3. HP: 32/34 MP: 3/3
  1183 | D:2      | Reached XP level 4. HP: 19/44 MP: 4/4
  1258 | D:3      | HP: 12/44 [orc wizard/puff of frost (6)]
  1264 | D:3      | HP: 10/44 [orc wizard/puff of frost (2)]
  1271 | D:3      | Reached skill level 4 in Fighting
  1271 | D:3      | Reached skill level 4 in Axes
  1326 | D:3      | Reached XP level 5. HP: 42/50 MP: 5/5
  1559 | D:3      | Found a shimmering blue altar of Sif Muna.
  1643 | D:3      | Noticed Bloaty's ghost (amateur HOMo)
  1691 | D:3      | Found a runed translucent gate.
  1691 | D:3      | Found a runed translucent gate.
  1691 | D:3      | Found a runed translucent gate.
  1737 | D:3      | Reached skill level 5 in Axes
  1751 | D:3      | Noticed Terence
  1754 | D:3      | HP: 12/51 [gnoll/+0 halberd (6)]
  1755 | D:3      | HP: 4/51 [gnoll/+0 halberd (8)]
  1761 | D:3      | Killed Terence
  1761 | D:3      | Reached XP level 6. HP: 42/58 MP: 4/4
  2439 | D:4      | Reached skill level 5 in Fighting
  2514 | D:4      | Reached skill level 6 in Axes
  2610 | D:4      | Reached XP level 7. HP: 43/67 MP: 4/4
  3009 | D:5      | Entered Level 5 of the Dungeon
  3165 | D:5      | Found Gozag's Platinum Reserve.
  3189 | D:5      | Found an opulent altar of Gozag.
  3248 | D:5      | HP: 19/68 [sky beast (5)]
  3253 | D:5      | Reached skill level 6 in Fighting
  3253 | D:5      | Reached skill level 7 in Axes
  3379 | D:5      | Reached skill level 1 in Evocations
  3585 | D:6      | Got a shimmering chain mail
  3596 | D:6      | Identified the +1 chain mail of Devotion {*Slow rF+++ rC-
                  | Dex+5} (You found it on level 6 of the Dungeon)
  3650 | D:6      | Reached skill level 2 in Evocations
  3650 | D:6      | Reached XP level 8. HP: 60/78 MP: 4/4
  4013 | D:6      | Reached skill level 4 in Armour
  4035 | D:6      | Noticed Eustachio
  4055 | D:6      | Killed Eustachio
  4055 | D:6      | Reached skill level 8 in Axes
  4096 | D:6      | Reached skill level 5 in Armour
  4501 | D:7      | Reached skill level 9 in Axes
  4503 | D:7      | Reached skill level 6 in Armour
  4713 | D:7      | Gained mutation: You passively map the area around you.
                  | [Deep Dwarf growth]
  4713 | D:7      | Reached XP level 9. HP: 31/85 MP: 4/4
  4725 | D:7      | Found a staircase to the Ecumenical Temple.
  4733 | Temple   | Entered the Ecumenical Temple
  4852 | Temple   | Became a worshipper of Makhleb the Destroyer
  5121 | D:7      | Reached skill level 1 in Invocations
  5133 | D:7      | Paralysed by a hornet for 2 turns
  5135 | D:7      | HP: 25/85 [hornet (6)]
  5136 | D:7      | Reached skill level 7 in Armour
  5136 | D:7      | Reached skill level 2 in Invocations
  5655 | D:8      | Reached * piety under Makhleb
  5662 | D:8      | Reached skill level 3 in Invocations
  5823 | D:8      | Reached skill level 10 in Axes
  5857 | D:8      | Found a shadowy altar of Dithmenos.
  6028 | D:8      | Reached skill level 4 in Invocations
  6034 | D:8      | Reached skill level 8 in Armour
  6036 | D:8      | Reached skill level 5 in Invocations
  6063 | D:8      | Reached skill level 6 in Invocations
  6065 | D:8      | HP: 24/85 [yak (2)]
  6073 | D:8      | Reached XP level 10. HP: 48/92 MP: 7/7
  6183 | D:8      | Found a staircase to the Lair.
  6328 | D:8      | Reached skill level 11 in Axes
  6733 | D:9      | Noticed a two-headed ogre
  6878 | D:9      | Reached ** piety under Makhleb
  6939 | D:9      | Noticed Psyche
  6947 | D:9      | Killed Psyche
  6947 | D:9      | Reached skill level 12 in Axes
  7067 | D:12     | Noticed a white ugly thing
  7085 | D:12     | HP: 18/92 [white ugly thing (34)]
  7097 | D:12     | HP: 15/92 [white ugly thing (19)]
  7108 | D:12     | Paralysed by a hornet for 1 turns
  7113 | D:12     | Reached skill level 13 in Axes
  7292 | D:11     | Reached skill level 7 in Fighting
  7328 | D:11     | Killed an unseen horror
  7373 | D:10     | Entered Level 10 of the Dungeon
  7428 | D:9      | HP: 26/94 [two-headed ogre/+0 giant club (15)]
  7438 | D:9      | Killed a two-headed ogre
  7438 | D:9      | Reached XP level 11. HP: 62/100 MP: 5/5
  7469 | D:9      | Noticed Maurice
  7470 | D:9      | Noticed Maurice
  7470 | D:9      | Maurice changed into Maurice the golden eye
  7824 | Lair:1   | Entered Level 1 of the Lair of Beasts
  7947 | Lair:1   | Found an ancient bone altar of Kikubaaqudgha.
  7953 | Lair:1   | Reached skill level 8 in Fighting
  8046 | Lair:1   | Reached *** piety under Makhleb
  8049 | Lair:1   | HP: 29/103 [cane toad (13)]
  8306 | Lair:1   | Identified +0 steam dragon scales
  8306 | Lair:1   | Noticed Maggie
  8320 | Lair:1   | Killed Maggie
  8320 | Lair:1   | Reached skill level 7 in Invocations
  8407 | Lair:1   | HP: 27/104 [porcupine's spines (6)]
  8649 | Lair:2   | Reached skill level 8 in Invocations
  8707 | Lair:2   | HP: 30/104 [cane toad (10)]
  8709 | Lair:2   | Reached skill level 9 in Fighting
  8875 | Lair:2   | Found a staircase to the Swamp.
  9437 | Lair:3   | Noticed a seven-headed hydra
  9442 | Lair:3   | Killed a seven-headed hydra
  9442 | Lair:3   | Reached skill level 10 in Fighting
  9500 | Lair:3   | Reached skill level 3 in Evocations
  9532 | Lair:3   | Found a staircase to the Snake Pit.
  9546 | Lair:3   | Reached skill level 4 in Evocations
  9582 | Lair:3   | Reached XP level 12. HP: 85/116 MP: 6/6
  9591 | Lair:3   | Reached skill level 9 in Invocations
  9597 | Lair:3   | Reached skill level 5 in Evocations
  9619 | Lair:3   | Reached skill level 6 in Evocations
  9674 | Lair:3   | HP: 17/116 [rime drake/flash freeze (24)]
  9731 | Lair:3   | Found a gate leading to a gauntlet.
  9812 | Lair:3   | Reached skill level 10 in Invocations
  9994 | Lair:3   | Reached **** piety under Makhleb
 10603 | Lair:4   | Noticed Urug
 10631 | Lair:4   | Killed Urug
 10631 | Lair:4   | Reached skill level 7 in Evocations
 10971 | Lair:4   | Reached skill level 11 in Invocations
 10971 | Lair:4   | Reached skill level 8 in Evocations
 11027 | Lair:4   | Got a twisted cloak
 11038 | Lair:4   | Identified the cursed -1 cloak of the Heron {Str+4} (You
                  | found it on level 4 of the Lair of Beasts)
 11393 | Lair:5   | Reached skill level 12 in Invocations
 11673 | Lair:5   | Reached skill level 13 in Invocations
 11991 | D:9      | Killed Maurice the golden eye
 12056 | D:9      | Found a staircase to the Orcish Mines.
 12104 | D:9      | Noticed a two-headed ogre
 12121 | D:9      | Killed a two-headed ogre
 12675 | D:10     | Reached ***** piety under Makhleb
 12695 | D:10     | Reached skill level 14 in Invocations
 12788 | D:10     | Noticed Nergalle
 12805 | D:10     | Killed Nergalle
 12805 | D:10     | Reached XP level 13. HP: 83/124 MP: 10/10
 12846 | D:10     | HP: 35/124 [two-headed ogre/+0 giant spiked club (10)]
 13027 | D:10     | HP: 34/124 [ice beast (12)]
 13663 | D:11     | HP: 35/124 [komodo dragon (11)]
 13664 | D:11     | HP: 13/124 [komodo dragon (22)]
 13741 | D:11     | Reached skill level 9 in Armour
 14472 | Lair:6   | Entered Level 6 of the Lair of Beasts
 14574 | Lair:6   | Reached skill level 11 in Fighting
 14691 | Lair:6   | Found a viscous altar of Jiyva.
 14692 | Lair:6   | Found a staircase to the Slime Pits.
 15055 | Lair:6   | Reached skill level 10 in Armour
 15578 | Lair:6   | Identified the cursed +0 mace "Rummage" {pain, rN+ Str+4}
                  | (You found it on level 6 of the Lair of Beasts)
 15821 | D:12     | Reached skill level 12 in Fighting
 16123 | D:12     | Reached skill level 13 in Fighting
 16494 | D:12     | Gained mutation: You resist negative energy. (rN+) [Deep
                  | Dwarf growth]
 16494 | D:12     | Reached XP level 14. HP: 141/141 MP: 11/11
 16498 | D:12     | Reached ****** piety under Makhleb
 16754 | D:13     | Found a sacrificial altar of Ru.
 16813 | D:13     | Reached skill level 14 in Axes
 17240 | D:14     | Noticed Azrael
 17289 | D:14     | Killed Azrael
 17330 | D:14     | Noticed Rupert
 17775 | D:14     | Reached skill level 14 in Fighting
 18086 | D:14     | Found a gate to the Vaults.
 18105 | D:14     | Reached skill level 15 in Axes
 18165 | D:14     | Cast into level 3 of the Abyss (Rupert)
 18328 | Abyss:3  | Noticed a starcursed mass
 18361 | Abyss:3  | Noticed a starcursed mass
 18428 | Abyss:3  | Noticed a revenant
 18439 | Abyss:3  | Noticed a starcursed mass
 18538 | Abyss:3  | Noticed a starcursed mass
 18552 | Abyss:3  | Noticed a starcursed mass
 18561 | Abyss:3  | HP: 34/145 [large abomination (21)]
 18561 | Abyss:3  | Paralysed by accursed screaming for 2 turns
 18564 | Abyss:3  | HP: 14/145 [starcursed mass (6)]
 18610 | Abyss:4  | HP: 39/145 [hell hog/fireball (20)]
 18650 | Abyss:4  | Noticed a starcursed mass
 18663 | Abyss:5  | Entered Level 5 of the Abyss
 18678 | D:14     | Escaped the Abyss
 18685 | D:14     | HP: 43/145 [Rupert/+0 battleaxe of distortion (24)]
 18708 | D:14     | Killed Rupert
 18939 | D:14     | Identified +0 acid dragon scales
 19325 | Orc:1    | Entered Level 1 of the Orcish Mines
 19414 | Orc:2    | Entered Level 2 of the Orcish Mines
 19433 | Orc:2    | Noticed an orc warlord
 19451 | Orc:2    | HP: 38/145 [orc priest/divine providence (10)]
 19475 | Orc:2    | Killed an orc warlord
 19499 | Orc:2    | Reached XP level 15. HP: 133/152 MP: 5/5
 19503 | Orc:2    | Noticed Saint Roka
 19508 | Orc:2    | Reached skill level 16 in Axes
 19529 | Orc:2    | Killed Saint Roka
 19529 | Orc:2    | Reached skill level 15 in Fighting
 19544 | Orc:2    | Found a staircase to the Elven Halls.
 19706 | Orc:1    | Noticed Erica
 19724 | Orc:1    | Killed Erica
 19783 | Orc:1    | Found Zupustil's Antique Weapon Shoppe.
 19802 | Orc:1    | Bought a pitted battleaxe for 322 gold pieces
 19802 | Orc:1    | Identified the +4 battleaxe "String" {freeze, rElec rN++
                  | Int+2} (You bought it in a shop on level 1 of the Orcish
                  | Mines)
 20182 | Orc:2    | Found Wiuwommy's Armour Boutique.
 20348 | Orc:2    | Found Epher's General Store.
 20348 | Orc:2    | Found Zuratot's Antique Armour Shop.
 20348 | Orc:2    | Found Hubbot Dubli's General Store.
 20348 | Orc:2    | Found Awoeg's Armour Shoppe.
 20366 | Orc:2    | Bought a potion of haste for 130 gold pieces
 20366 | Orc:2    | Bought a potion of curing for 39 gold pieces
 20366 | Orc:2    | Bought a scroll of magic mapping for 45 gold pieces
 20450 | Orc:2    | Bought the +5 plate armour "Fuzen" {rElec rF+++ Int-5
                  | Dex-2} for 1234 gold pieces
 20962 | D:15     | Entered Level 15 of the Dungeon
 20962 | D:15     | Noticed Kirke
 20970 | D:15     | Killed Kirke
 20986 | D:15     | Found a staircase to the Depths.
 20986 | D:15     | Noticed a fire giant
 21003 | D:15     | Killed a fire giant
 21003 | D:15     | Reached skill level 16 in Fighting
 21995 | Swamp:1  | Entered Level 1 of the Swamp
 22946 | Swamp:1  | Reached skill level 17 in Axes
 23044 | Slime:1  | Entered Level 1 of the Pits of Slime
 23044 | Slime:1  | Noticed an azure jelly
 23122 | Snake:1  | Entered Level 1 of the Snake Pit
 23127 | Snake:1  | HP: 46/158 [naga warrior/+0 mace (13)]
 23135 | Snake:1  | HP: 40/158 [naga warrior/+0 mace (12)]
 23267 | Swamp:1  | Reached XP level 16. HP: 122/166 MP: 2/2
 23303 | Swamp:1  | Paralysed by a hornet for 3 turns
 23306 | Swamp:1  | HP: 47/166 [shambling mangrove (6)]
 23312 | Swamp:1  | HP: 39/166 [shambling mangrove (12)]
 23315 | Swamp:1  | Paralysed by a hornet for 1 turns
 23415 | Lair:6   | HP: 45/166 [azure jelly (31)]
 23416 | Lair:6   | Slain by an azure jelly

Vanquished Creatures
  Saint Roka (Orc:2)
  Kirke (D:15)
  A fire giant (D:15)
  Azrael (D:14)
  A fire dragon (D:14)
  5 ogre magi
  A vault guard (D:14)
  4 hydras
  4 centaur warriors
  A shambling mangrove (Swamp:1)
  19 two-headed ogres
  3 alligators (Swamp:1)
  3 death yaks (Lair:6)
  A deep troll shaman (Lair:6)
  Urug (Lair:4)
  A hell hog (Abyss:4)
  Nergalle (D:10)
  A large abomination (Abyss:3)
  A naga ritualist (Snake:1)
  An unseen horror (D:11)
  A wolf spider zombie (D:12)
  3 necromancers
  4 oklob plants (Lair:4)
  2 deep elf magi (D:14)
  19 ugly things
  A mana viper (Snake:1)
  An orc sorcerer (Orc:1)
  4 cyclopes
  5 black mambas
  2 manticores (D:14)
  8 centaur zombies
  8 elephants
  Psyche (D:9)
  Maggie (Lair:1)
  2 gargoyles
  11 cane toads
  2 rime drakes
  An efreet (D:14)
  A kobold demonologist (D:14)
  5 komodo dragons
  2 hellwings (Abyss:4)
  An ancient zyme (Abyss:3)
  3 meliai (D:15)
  A queen bee (D:15)
  5 trolls
  2 tyrant leeches
  A polar bear (Lair:6)
  6 hornets
  4 raiju (Abyss:3)
  3 slime creatures (D:12)
  2 bog bodies
  A blink frog (Lair:4)
  15 hippogriffs
  4 flying skulls (D:12)
  5 shadows
  4 wraiths (D:12)
  A ynoxinul (Abyss:3)
  5 wyverns
  4 fire bats (Abyss:3)
  Eustachio (D:6)
  A hog (D:15)
  A golden eye (D:9)
  3 fire elementals (D:14)
  6 basilisks
  21 yaks
  2 vampire mosquitoes (D:12)
  3 nagas (Lair:3)
  3 wargs
  A swamp worm (Swamp:1)
  13 water moccasins
  5 hell hounds (D:14)
  2 acid dragons (D:14)
  A floating eye (D:9)
  A swamp drake (Swamp:1)
  13 porcupines
  5 black bears
  6 ice beasts
  20 orc warriors
  4 sky beasts
  2 necrophages (D:10)
  3 phantoms
  2 eyes of draining
  38 ogres
  10 wolves
  6 centaurs
  10 crocodiles
  22 bullfrogs
  A gnoll sergeant (Orc:2)
  2 wyvern zombies
  A wyvern skeleton (D:12)
  5 scorpions
  17 killer bees
  17 wights
  3 electric eels
  A howler monkey (D:11)
  7 starcursed masses (Abyss:3)
  A bullfrog zombie (D:11)
  9 jellies
  2 quasits (Abyss:3)
  8 hounds
  19 orc priests
  18 orc wizards
  9 bullfrog skeletons
  5 iguanas
  8 centaur skeletons
  A gnoll shaman (D:7)
  14 worker ants
  Terence (D:3)
  A hound zombie (D:11)
  3 worker ant zombies
  11 gnolls
  A howler monkey skeleton (D:4)
  13 adders
  17 white imps
  An ufetubus (D:8)
  2 oozes
  2 adder skeletons (D:4)
  5 worms
  A dart slug (D:2)
  2 leopard geckos
  84 orcs
  3 bats
  3 giant cockroaches
  3 goblins
  4 hobgoblins
  8 jackals
  6 kobolds
  4 quokkas
  2 ball pythons
  5 frilled lizards
  A jackal zombie (D:7)
  A leopard gecko skeleton (D:6)
  A quokka zombie (D:5)
  5 rats
  A bush (Lair:6)
747 creatures vanquished.

Vanquished Creatures (collateral kills)
  Rupert (D:14)
  An orc warlord (Orc:2)
  A naga warrior (Snake:1)
  A catoblepas (Lair:6)
  An anaconda (Snake:1)
  A black mamba (Snake:1)
  A troll (Orc:2)
  A naga (Snake:1)
  An ogre (Orc:2)
  2 orc priests (Orc:2)
  An orc wizard (Orc:2)
  4 orcs (Orc:2)
16 creatures vanquished.

Vanquished Creatures (others)
  Erica (Orc:1)
  A hell hog (Abyss:4)
  A centaur skeleton (D:14)
  A hippogriff (D:14)
  A shadow (D:14)
  3 humans (D:15)
  A bush (D:8)
  31 fungi
  52 plants
92 creatures vanquished.

Grand Total: 855 creatures vanquished
